 Dungeon Crawl Stone Soup version 0.26.0-16-gc1dbca0489 (webtiles) character file.

Game seed: 9872019014975033713

20 SnakkuSnakku7 the Magician (level 2, -1/24 HPs)
             Began as a Ghoul Hedge Wizard on Jan 18, 2021.
             Slain by Natasha (3 damage)
             ... on level 1 of the Dungeon.
             The game lasted 00:01:13 (998 turns).

SnakkuSnakku7 the Magician (Ghoul Hedge Wizard)      Turns: 998, Time: 00:01:13

Health: -1/24      AC:  8    Str: 13    XL:     2   Next: 79%
Magic:  4/4        EV:  6    Int:  9    God:
Gold:   65         SH:  0    Dex:  8    Spells: 5/6 levels left

rFire    . . .     SeeInvis .     - Unarmed
rCold    + . .     Faith    .   (no shield)
rNeg     + + +     Spirit   .   h - +0 chain mail
rPois    ∞         Reflect  .   c - +0 hat
rElec    .         Harm     .   (no cloak)
rCorr    .         Rampage  .   (no gloves)
Will     .....                  (no boots)
Stlth    ..........             (no amulet)
HPRegen  0.00/turn              (no ring)
MPRegen  0.09/turn              (no ring)

@: no status effects
A: claws 1, cold resistance 1, negative energy resistance 3, inhibited
regeneration, torment resistance, unbreathing
a: no special abilities


You were on level 1 of the Dungeon.
You visited 1 branch of the dungeon, and saw 2 of its levels.

You collected 65 gold pieces.

Inventory:

Hand Weapons
 a - a +0 dagger
Armour
 b - a +0 robe
 c - a +0 hat (worn)
 f - a +0 ring mail
 h - a +0 chain mail (worn)
Scrolls
 g - a scroll of teleportation {unknown}
 i - a scroll of enchant weapon {unknown}
 j - a scroll of noise {unknown}
Potions
 d - a potion of ambrosia {unknown}
 e - a potion of magic {unknown}


   Skills:
 + Level 1.7 Fighting
 - Level 1.7 Dodging
 - Level 2.1 Stealth
 + Level 1.7 Unarmed Combat
 - Level 2.6 Spellcasting
 - Level 0.7 Conjurations
 - Level 0.8 Summonings
 - Level 0.8 Translocations


You had 5 spell levels left.
You knew the following spells:

 Your Spells              Type           Power        Failure   Level
a - Magic Dart            Conj           8%           100%        1

Your spell library contained the following spells:

 Spells                   Type           Power        Failure   Level
 Blink                    Tloc           N/A          100%        2
 Call Imp                 Summ           2%           100%        2
 Slow                     Hex            1%           100%        2
 Conjure Flame            Conj/Fire      1%           100%        3
 Mephitic Cloud           Conj/Pois/Air  1%           100%        3


Dungeon Overview and Level Annotations

Branches:
Dungeon (2/15)

Altars:

Annotations:
D:1 Natasha


Innate Abilities, Weirdness & Mutations

You thrive by killing the living.
You are immune to poison.
You have sharp fingernails.
Your flesh is cold resistant. (rC+)
You are immune to negative energy. (rN+++)
You do not regenerate when monsters are visible.
You are immune to unholy pain and torment.
You can survive without breathing.


Message History

Natasha claws you but does no damage. The rat bites you but does no damage.
Natasha barely misses you. The rat bites you but does no damage.
You scratch Natasha but do no damage.
Natasha is moderately wounded.
Natasha closely misses you. The rat bites you but does no damage.
You barely miss Natasha.
Natasha is lightly wounded.
Natasha casts a spell at you. The magic dart hits you.
* * * LOW HITPOINT WARNING * * *
The rat bites you but does no damage.
You scratch Natasha.
Natasha is heavily wounded.
Natasha claws you but does no damage. The rat bites you but does no damage.
You scratch Natasha.
Natasha is severely wounded.
You barely miss Natasha.
Natasha is severely wounded.
Natasha claws you.
You die...

#.........#....##...## #
#.#######....###.....#########
#.#######....##...............
#....................#########
#..######....####...## # ####..#
##.#.# ##..# # .)....# #.#.# ##.#
## ####..## #.#h######.# #####.
##.#.## #.#.@r.....# #....>
##.###.## #.########## #.###.
#.## ##.## #)# #.#### ##.###...#
#.# #.##.. ##...#..###.# #.##.#
##.......##.# #####.##.#
##..#####..#.### #........#
##..#.....#.....# #........#
#..#......(#....########........#


You could see Natasha and a rat.

Vanquished Creatures
  A leopard gecko (D:1)
  2 bats (D:1)
  3 goblins (D:1)
  4 hobgoblins (D:1)
  A ball python (D:1)
  2 frilled lizards (D:1)
  A kobold (D:1)
  5 rats (D:1)
19 creatures vanquished.

Notes
Turn   | Place    | Note
-------+----------+-------------------------------------------
     0 | D:1      | SnakkuSnakku7 the Ghoul Hedge Wizard began the quest for
                  | the Orb.
     0 | D:1      | Reached XP level 1. HP: 14/14 MP: 3/3
   235 | D:1      | Reached skill level 1 in Fighting
   235 | D:1      | Reached skill level 1 in Unarmed Combat
   337 | D:1      | Reached XP level 2. HP: 23/23 MP: 4/4
   977 | D:2      | Noticed Natasha
   980 | D:2      | Noticed a crimson imp
   998 | D:1      | Slain by Natasha

Illustrated notes

Levels and vault maps discovered:
D:1:      scummos_arrival_hexagon, layout_loops_ring, kennysheep_nondescript
D:2:      layout_rooms, lemuel_blue_sif_altar, uniq_natasha

Skill      XL: |  1 |
---------------+----+-----
Fighting       | 1 |  1.7
Unarmed Combat | 1 |  1.7
Dodging        | |  1.7
Stealth        | |  2.1
Spellcasting   | |  2.6
Conjurations   | |  0.7
Summonings     | |  0.8
Translocations | |  0.8

Action                   || total
-------------------------++-------
Melee: Dagger            ||   105
       Unarmed           ||    10
Armor: Ring mail         ||    19
       Chain mail        ||    40
Dodge: Dodged            ||    56
